SL
GRAFTON MIDDIES @ HOUSTON 1837 BBC
08/23/2022
 
TOP OF THE 1ST
Grafton Middies batting - Pitching for Houston 1837 BBC : RHP Gary Bailey
Pitching: RHP Gary Bailey
Batting: RHB Pedro Orozco 0-0: Foul Ball, location: 2F
0-1: Ball
1-1: Ground out 6-3 (Groundball, 6MS)
Batting: RHB Wes Bradley 0-0: Ball
1-0: Ball
2-0: Ground out 4-3 (Groundball, 4)
Batting: RHB Scotty Anderson 0-0: Swinging Strike
0-1: Ball
1-1: Ball
2-1: Called Strike
2-2: Strikes out swinging
Top of the 1st over - 0 run(s), 0 hit(s), 0 error(s), 0 left on base; Grafton 0 - Houston 0
BOTTOM OF THE 1ST
Houston 1837 BBC batting - Pitching for Grafton Middies : LHP Allen Yohemas
Pitching: LHP Allen Yohemas
Batting: RHB Kumanosuke Abe 0-0: Ball
1-0: Ball
2-0: Ball
3-0: Base on Balls
Batting: RHB Tracy Parker 0-0: Ball
1-0: Ball
2-0: SINGLE (Line Drive, 78S)
Kumanosuke Abe to second
Batting: LHB Chris Rice 0-0: Ball
1-0: Swinging Strike
1-1: Foul Ball, location: 2F
1-2: Foul Ball, location: 2F
1-2: Ball
2-2: Strikes out swinging
Batting: RHB Bob Dickerson 0-0: Ball
1-0: Ball
2-0: Ball
3-0: Base on Balls
Kumanosuke Abe to third
Tracy Parker to second
Batting: LHB José Marín 0-0: Ball
1-0: Foul Ball, location: 2F
1-1: Fly out, F8 (Flyball, 8RD)
Runner from 3rd tags up, SCORES, no throw
Tracy Parker to third
Batting: RHB Eric Randolph 0-0: Ball
1-0: Ball
2-0: Ground out 5-3 (Groundball, 5)
Bottom of the 1st over - 1 run(s), 1 hit(s), 0 error(s), 2 left on base; Grafton 0 - Houston 1
TOP OF THE 2ND
Grafton Middies batting - Pitching for Houston 1837 BBC : RHP Gary Bailey
Batting: RHB Raúl Robles 0-0: DOUBLE (Flyball, 9D)
Batting: RHB Pedro Santos 0-0: Foul Ball, location: 2F
0-1: Swinging Strike
0-2: Strikes out swinging
Batting: RHB Nathan Boswell 0-0: Fly out, F4 (Popup, 4)
Batting: RHB Justin Bingham 0-0: Fly out, F7 (Line Drive, 7D)
Top of the 2nd over - 0 run(s), 1 hit(s), 0 error(s), 1 left on base; Grafton 0 - Houston 1
BOTTOM OF THE 2ND
Houston 1837 BBC batting - Pitching for Grafton Middies : LHP Allen Yohemas
Batting: LHB Mike Hanson 0-0: Ball
1-0: Swinging Strike
1-1: Foul Ball, location: 2F
1-2: Foul Ball, location: 2F
1-2: Ground out 6-3 (Groundball, 6M)
Batting: LHB Mark McClear 0-0: Ball
1-0: Called Strike
1-1: Fly out, F7 (Flyball, 7LS)
Batting: LHB Jack Robbins 0-0: Swinging Strike
0-1: Called Strike
0-2: Ball
1-2: SINGLE (Groundball, 34D)
Batting: RHB Kumanosuke Abe 0-0: Ball
1-0: Ball
2-0: Ball
Wild Pitch!
Jack Robbins to second
3-0: Called Strike
3-1: Base on Balls
Batting: RHB Tracy Parker 0-0: Called Strike
0-1: Called Strike
0-2: Strikes out looking
Bottom of the 2nd over - 0 run(s), 1 hit(s), 0 error(s), 2 left on base; Grafton 0 - Houston 1
TOP OF THE 3RD
Grafton Middies batting - Pitching for Houston 1837 BBC : RHP Gary Bailey
Batting: RHB Danny Hall 0-0: Called Strike
0-1: Foul Ball, location: 2F
0-2: Ball
1-2: Ball
2-2: Strikes out swinging
Batting: RHB Brady Ferris 0-0: Called Strike
0-1: Ball
1-1: Called Strike
1-2: Ball
2-2: Foul Ball, location: 2F
2-2: Foul Ball, location: 2F
2-2: Strikes out swinging
Batting: RHB Pedro Orozco 0-0: Foul Ball, location: 2F
0-1: SINGLE (Groundball, 6D)
Batting: RHB Wes Bradley 0-0: Ball
Pedro Orozco is caught stealing 2nd base
Top of the 3rd over - 0 run(s), 1 hit(s), 0 error(s), 0 left on base; Grafton 0 - Houston 1
BOTTOM OF THE 3RD
Houston 1837 BBC batting - Pitching for Grafton Middies : LHP Allen Yohemas
Batting: LHB Chris Rice 0-0: Swinging Strike
0-1: Ball
1-1: Swinging Strike
1-2: Strikes out swinging
Batting: RHB Bob Dickerson 0-0: Ball
1-0: Foul Ball, location: 2F
1-1: TRIPLE (Flyball, 9LM)
Batting: LHB José Marín 0-0: Called Strike
0-1: Foul Ball, location: 2F
0-2: Ball
1-2: Fly out, F9 (Flyball, 9M)
Runner from 3rd tags up, OUT at HOME
Bottom of the 3rd over - 0 run(s), 1 hit(s), 0 error(s), 0 left on base; Grafton 0 - Houston 1
TOP OF THE 4TH
Grafton Middies batting - Pitching for Houston 1837 BBC : RHP Gary Bailey
Batting: RHB Wes Bradley 0-0: Fly out, F8 (Flyball, 8RM)
Batting: RHB Scotty Anderson 0-0: Called Strike
0-1: Swinging Strike
0-2: Ball
1-2: Strikes out swinging
Batting: RHB Raúl Robles 0-0: Ball
1-0: Foul Ball, location: 2F
1-1: SINGLE (Groundball, 56D)
Batting: RHB Pedro Santos 0-0: Ball
1-0: Called Strike
1-1: Foul Ball, location: 2F
1-2: Foul Ball, location: 2F
1-2: Ball
2-2: Ball
3-2: Ground out 3-1 (Groundball, 34)
Top of the 4th over - 0 run(s), 1 hit(s), 0 error(s), 1 left on base; Grafton 0 - Houston 1
BOTTOM OF THE 4TH
Houston 1837 BBC batting - Pitching for Grafton Middies : LHP Allen Yohemas
Batting: RHB Eric Randolph 0-0: Swinging Strike
0-1: Called Strike
0-2: Foul Ball, location: 2F
0-2: Ball
1-2: Strikes out swinging
Batting: LHB Mike Hanson 0-0: Swinging Strike
0-1: Foul Ball, location: 2F
0-2: Foul Ball, location: 2F
0-2: Ball
1-2: Ball
2-2: Foul Ball, location: 2F
2-2: Foul Ball, location: 2F
2-2: Foul Ball, location: 2F
2-2: Strikes out swinging
Batting: LHB Mark McClear 0-0: Called Strike
0-1: DOUBLE (Flyball, 8RM)
Batting: LHB Jack Robbins 0-0: Ball
1-0: Foul Ball, location: 2F
1-1: Ball
2-1: Ball
3-1: Ground out 4-3 (Groundball, 4)
Bottom of the 4th over - 0 run(s), 1 hit(s), 0 error(s), 1 left on base; Grafton 0 - Houston 1
TOP OF THE 5TH
Grafton Middies batting - Pitching for Houston 1837 BBC : RHP Gary Bailey
Batting: RHB Nathan Boswell 0-0: Called Strike
0-1: Ball
1-1: Swinging Strike
1-2: Foul Ball, location: 2F
1-2: Ball
2-2: Foul Ball, location: 2F
2-2: Foul Ball, location: 2F
2-2: Strikes out swinging
Batting: RHB Justin Bingham 0-0: Ball
1-0: DOUBLE (Groundball, 5L)
Batting: RHB Danny Hall 0-0: Called Strike
0-1: Swinging Strike
0-2: Ball
Wild Pitch!
Justin Bingham to third
1-2: Strikes out swinging
Batting: RHB Brady Ferris 0-0: Swinging Strike
0-1: Ground out 6-3 (Groundball, 6)
Top of the 5th over - 0 run(s), 1 hit(s), 0 error(s), 1 left on base; Grafton 0 - Houston 1
BOTTOM OF THE 5TH
Houston 1837 BBC batting - Pitching for Grafton Middies : LHP Allen Yohemas
Batting: RHB Kumanosuke Abe 0-0: Ball
1-0: Foul Ball, location: 2F
1-1: Foul Ball, location: 2F
1-2: Strikes out swinging
Batting: RHB Tracy Parker 0-0: Ball
1-0: Foul Ball, location: 2F
1-1: Ball
2-1: Fly out, F7 (Line Drive, 7M)
Batting: LHB Chris Rice 0-0: Ball
1-0: Ball
2-0: DOUBLE (Flyball, 89D)
Batting: RHB Bob Dickerson 0-0: Called Strike
0-1: Ball
1-1: Ball
2-1: Ball
3-1: Base on Balls
Batting: LHB José Marín 0-0: Ball
1-0: Foul Ball, location: 2F
1-1: Foul Ball, location: 2F
1-2: Ball
2-2: SINGLE (Groundball, 13) (infield hit)
Chris Rice to third
Bob Dickerson to second
Batting: RHB Eric Randolph 0-0: Foul Ball, location: 2F
0-1: Ball
1-1: SINGLE (Groundball, 34D)
Chris Rice scores
Bob Dickerson to third
José Marín to second
Runner from 3rd tries for Home, SAFE, no throw or cutoff
Batting: LHB Mike Hanson 0-0: Ball
1-0: Ball
2-0: Called Strike
2-1: Called Strike
2-2: Fly out, F8 (Line Drive, 8LM)
Bottom of the 5th over - 2 run(s), 3 hit(s), 0 error(s), 2 left on base; Grafton 0 - Houston 3
TOP OF THE 6TH
Grafton Middies batting - Pitching for Houston 1837 BBC : RHP Gary Bailey
Batting: RHB Pedro Orozco 0-0: Ground out 5-3 (Groundball, 5S)
Batting: RHB Wes Bradley 0-0: Foul Ball, location: 2F
0-1: Ball
1-1: Called Strike
1-2: Ball
2-2: Fly out, F8 (Line Drive, 8LM)
Batting: RHB Scotty Anderson 0-0: Called Strike
0-1: Swinging Strike
0-2: Foul Ball, location: 2F
0-2: Strikes out swinging
Top of the 6th over - 0 run(s), 0 hit(s), 0 error(s), 0 left on base; Grafton 0 - Houston 3
BOTTOM OF THE 6TH
Houston 1837 BBC batting - Pitching for Grafton Middies : LHP Allen Yohemas
Batting: LHB Mark McClear 0-0: Called Strike
0-1: Called Strike
0-2: Foul Ball, location: 2F
0-2: Ball
1-2: Ball
2-2: Foul Ball, location: 2F
2-2: Ball
3-2: Foul Ball, location: 2F
3-2: Strikes out swinging
Batting: LHB Jack Robbins 0-0: DOUBLE (Flyball, 9D)
Batting: RHB Kumanosuke Abe 0-0: Intentional Walk
Pitching: RHP Mark Simmons
Batting: RHB Tracy Parker 0-0: Called Strike
0-1: Ball
1-1: Swinging Strike
1-2: Fielders Choice at 2nd, 6-4 (Groundball, 6)
Jack Robbins to third
Batting: LHB Chris Rice 0-0: Ball
1-0: Ball
2-0: Ball
3-0: Called Strike
3-1: Base on Balls
Tracy Parker to second
Pitching: RHP Domingo Álvarez
Batting: RHB Bob Dickerson 0-0: Ball
1-0: Ball
2-0: Ball
3-0: Called Strike
3-1: Foul Ball, location: 2F
3-2: Base on Balls
Jack Robbins scores
Tracy Parker to third
Chris Rice to second
Batting: LHB José Marín 0-0: Ball
Wild Pitch!
Tracy Parker scores
Chris Rice to third
Bob Dickerson to second
1-0: Ball
2-0: Foul Ball, location: 2F
2-1: Foul Ball, location: 2F
2-2: SINGLE (Flyball, 8LS)
Chris Rice scores
Bob Dickerson to third
Runner from 3rd tries for Home, SAFE, no throw or cutoff
Batting: RHB Eric Randolph 0-0: Ball
1-0: Foul Ball, location: 2F
1-1: Foul Ball, location: 2F
1-2: Ball
2-2: Foul Ball, location: 2F
2-2: Ball
3-2: SINGLE (Line Drive, 6MD)
José Marín to second
José Marín to third
Batting: LHB Mike Hanson Pickoff Throw to First - Out!
Bottom of the 6th over - 4 run(s), 3 hit(s), 0 error(s), 0 left on base; Grafton 0 - Houston 7
TOP OF THE 7TH
Grafton Middies batting - Pitching for Houston 1837 BBC : RHP Gary Bailey
Batting: RHB Raúl Robles 0-0: Swinging Strike
0-1: Ball
1-1: Swinging Strike
1-2: Strikes out looking
Batting: RHB Pedro Santos 0-0: Ball
1-0: Ball
2-0: Ball
3-0: Called Strike
3-1: Swinging Strike
3-2: Strikes out swinging
Batting: RHB Nathan Boswell 0-0: Ball
1-0: Ball
2-0: Ball
3-0: Base on Balls
Batting: RHB Justin Bingham 0-0: Called Strike
Nathan Boswell steals 2nd base
0-1: Hit by Pitch
Batting: RHB Danny Hall 0-0: Ball
1-0: Called Strike
1-1: Swinging Strike
1-2: Ball
2-2: Ball
3-2: Base on Balls
Nathan Boswell to third
Justin Bingham to second
Batting: RHB Brady Ferris 0-0: Foul Ball, location: 2F
0-1: Foul Ball, location: 2F
0-2: Ball
1-2: Fly out, F3 (Popup, 3SF)
Top of the 7th over - 0 run(s), 0 hit(s), 0 error(s), 3 left on base; Grafton 0 - Houston 7
BOTTOM OF THE 7TH
Houston 1837 BBC batting - Pitching for Grafton Middies : RHP Domingo Álvarez
Batting: LHB Mike Hanson 0-0: Called Strike
0-1: Foul Ball, location: 2F
0-2: Ball
1-2: Foul Ball, location: 2F
1-2: Ball
2-2: Ball
3-2: Strikes out swinging
Batting: LHB Mark McClear 0-0: Ball
1-0: Called Strike
1-1: Swinging Strike
1-2: Foul Ball, location: 2F
1-2: Strikes out swinging
Batting: LHB Jack Robbins 0-0: Called Strike
0-1: DOUBLE (Line Drive, 9LD)
Batting: RHB Kumanosuke Abe 0-0: Ball
1-0: Ball
2-0: Ball
3-0: Base on Balls
Batting: RHB Tracy Parker 0-0: Called Strike
0-1: Ball
1-1: Ball
2-1: Ball
3-1: Called Strike
3-2: Foul Ball, location: 2F
3-2: Foul Ball, location: 2F
3-2: Strikes out swinging
Bottom of the 7th over - 0 run(s), 1 hit(s), 0 error(s), 2 left on base; Grafton 0 - Houston 7
TOP OF THE 8TH
Grafton Middies batting - Pitching for Houston 1837 BBC : RHP Gary Bailey
Batting: RHB Pedro Orozco 0-0: Fly out, F8 (Flyball, 8RXD)
Batting: RHB Wes Bradley 0-0: Fly out, F7 (Flyball, 7M)
Batting: RHB Scotty Anderson 0-0: SINGLE (Groundball, 56D)
Batting: RHB Raúl Robles 0-0: Called Strike
0-1: Foul Ball, location: 2F
0-2: Ground out 4-3 (Groundball, 4)
Top of the 8th over - 0 run(s), 1 hit(s), 0 error(s), 1 left on base; Grafton 0 - Houston 7
BOTTOM OF THE 8TH
Houston 1837 BBC batting - Pitching for Grafton Middies : RHP Domingo Álvarez
Pitching: LHP Reid Garner
Batting: LHB Chris Rice 0-0: Called Strike
0-1: Swinging Strike
0-2: Ground out 4-3 (Groundball, 4M)
Batting: RHB Bob Dickerson 0-0: Called Strike
0-1: SINGLE (Groundball, 6MD)
Batting: LHB José Marín 0-0: Ball
1-0: SINGLE (Line Drive, 8LS)
Bob Dickerson to second
Batting: RHB Eric Randolph 0-0: Foul Ball, location: 2F
0-1: Ball
1-1: Foul Ball, location: 2F
1-2: Foul Ball, location: 2F
1-2: Ball
2-2: Ball
3-2: Foul Ball, location: 2F
3-2: Foul Ball, location: 2F
3-2: Strikes out swinging
Batting: LHB Mike Hanson 0-0: Called Strike
0-1: Ball
1-1: Called Strike
1-2: SINGLE (Groundball, 6MD)
Bob Dickerson to third
José Marín to second
Runner from 3rd tries for Home, SAFE, no throw or cutoff
Batting: LHB Mark McClear 0-0: Ball
1-0: Ball
2-0: Foul Ball, location: 2F
2-1: Foul Ball, location: 2F
2-2: Foul Ball, location: 2F
2-2: Ball
3-2: Base on Balls
José Marín to third
Mike Hanson to second
Batting: LHB Jack Robbins 0-0: Ball
1-0: Ball
2-0: Called Strike
2-1: Ball
3-1: Base on Balls
José Marín scores
Mike Hanson to third
Mark McClear to second
Batting: RHB Kumanosuke Abe 0-0: Ball
1-0: Ball
2-0: Called Strike
2-1: Swinging Strike
2-2: Ball
3-2: Base on Balls
Mike Hanson scores
Mark McClear to third
Jack Robbins to second
Batting: RHB Tracy Parker 0-0: Swinging Strike
0-1: Swinging Strike
0-2: Strikes out swinging
Bottom of the 8th over - 3 run(s), 3 hit(s), 0 error(s), 3 left on base; Grafton 0 - Houston 10
TOP OF THE 9TH
Grafton Middies batting - Pitching for Houston 1837 BBC : RHP Gary Bailey
Batting: RHB Pedro Santos 0-0: Ball
1-0: Swinging Strike
1-1: Swinging Strike
1-2: SINGLE (Groundball, 6M) (infield hit)
Batting: RHB Nathan Boswell 0-0: Foul Ball, location: 2F
0-1: Fielders Choice at 2nd, 6-4 (Groundball, 6)
Pitching: RHP Toshiro Saikawa
Batting: RHB Justin Bingham 0-0: Ball
1-0: Ball
2-0: Called Strike
2-1: Grounds into double play, 4-6-3 (Groundball, 4)
Top of the 9th over - 0 run(s), 1 hit(s), 0 error(s), 0 left on base; Grafton 0 - Houston 10
This league is powered by Out of the Park Baseball, the baseball management simulation game for PC, Mac and Linux
Friday, April 15th, 2016 - OOTP Baseball 16.9 Build 39